 Dungeon Crawl Stone Soup version 0.30-b1-2-g02819fbbbe (webtiles) character file.

Game seed: 956142217529094805

3196 Arum the Protected (level 10, -1/78 (85) HPs)
             Began as a Formicid Fighter on May 14, 2023.
             Was a Follower of Ashenzari.
             Slain by a water moccasin (2 damage)
             ... on level 8 of the Dungeon.
             The game lasted 00:09:27 (7117 turns).

Arum the Protected (Formicid Fighter)               Turns: 7117, Time: 00:09:27

HP:   -1/78 (85)    AC:  9    Str: 25    XL:     10   Next: 17%
MP:   10/10         EV: 10    Int:  8    God:    Ashenzari [*.....]
Gold: 393           SH:  0    Dex: 13    Spells: 9/9 levels left

rFire   . . .        a - +0 quarterstaff
rCold   + . .        (no shield)
rNeg    . . .        b - +0 scale mail of the Revealing Seeker {Melee, Bglg} (curse)
rPois   .            (helmet unavailable)
rElec   .            (no cloak)
rCorr   +            (no gloves)
SInv    +            u - +0 pair of boots "Celestial Jealousy" {Comp, Self} (curse)
Will    +....        (no amulet) Stlth
                     h - ring of resist corrosion
HPRegen 0.33/turn    p - ring of protection from cold
MPRegen 0.12/turn

%: no passive effects
@: mighty, lethally poisoned (-1 -> -8), drained
A: permanent stasis, dig shafts and tunnels, antennae 3, four strong arms
a: Dig, Shaft Self, Renounce Religion, Curse Item, Shatter the Chains


You were on level 8 of the Dungeon.
You worshipped Ashenzari.
Ashenzari was aware of your devotion.
You visited 1 branch of the dungeon, and saw 8 of its levels.

You collected 393 gold pieces.

Inventory:

Hand Weapons
 a - a +0 quarterstaff (weapon)
Missiles
 y - a throwing net
Armour
 b - the cursed +0 scale mail of the Revealing Seeker (worn) {Melee, Bglg}

   It has a curse which improves the following skills: Melee Combat: Short
   Blades, Long Blades, Axes, Maces & Flails, Polearms, Staves and Unarmed
   Combat.
   Beguiling: Conjurations, Hexes and Translocations.
 u - the cursed +0 pair of boots "Celestial Jealousy" (worn) {Comp, Self}
   (You found it on level 3 of the Dungeon)

   It has a curse which improves the following skills: Companions: Summonings
   and Necromancy.
   Introspection: Fighting and Spellcasting.
 v - a +0 kite shield
Jewellery
 h - a ring of resist corrosion (left hand)
 p - a ring of protection from cold (right hand)
Wands
 x - a wand of polymorph (3)
 B - a wand of paralysis (4)
Scrolls
 c - a scroll of torment
 i - 3 scrolls of silence
 l - a scroll of magic mapping
 n - 7 scrolls of identify
 q - 3 scrolls of immolation
 r - a scroll of blinking
 s - 2 scrolls of amnesia
 t - 2 scrolls of teleportation
 z - a scroll of enchant armour
 C - a scroll of brand weapon
 D - a scroll of enchant weapon
Potions
 d - a potion of attraction
 e - 3 potions of ambrosia
 f - a potion of brilliance
 g - 4 potions of curing
 j - a potion of haste
 k - 5 potions of lignification
 m - 2 potions of mutation
 o - a potion of flight
 w - 2 potions of might


   Skills:
 + Level 9.2(10.0) Fighting
 + Level 8.1(8.9) Staves
 + Level 9.3 Armour
 - Level 4.0 Shields


You had 9 spell levels left.
You didn't know any spells.
Your spell library contained the following spells:

 Spells                   Type           Power      Damage    Failure   Level
 Necrotise                Necr           0%         1d4       65%         1
 Lesser Beckoning         Tloc           0%         N/A       78%         2
 Momentum Strike          Conj/Tloc      0%         3d8       78%         2
 Vampiric Draining        Necr           0%         2d6       95%         3
 Agony                    Necr           0%         N/A       100%        5
 Blink                    Tloc           Unusable   N/A       N/A         2

Dungeon Overview and Level Annotations

Branches:
Dungeon (8/15)             Temple (0/1) D:7
   Lair: D:8-11

Altars:
Ashenzari
Okawaru
Qazlal
Trog
Vehumet
Wu Jian

Shops:
D:2 *   D:3 [


Innate Abilities, Weirdness & Mutations

You cannot be hasted, slowed, berserked, paralysed or teleported.
You can dig through walls and to a lower floor.
You have a pair of large antennae on your head. (SInv)
Your four strong arms can wield two-handed weapons with a shield.


Message History

You thump the wight!
The wight is severely damaged.
The wight hits you with a +4 war axe!
* * * LOW HITPOINT WARNING * * *
You feel drained.
* * * LOW HITPOINT WARNING * * *
You feel much better. The wight hits you with a +4 war axe!
You feel drained.
* * * LOW HITPOINT WARNING * * *
A water moccasin comes into view.
You completely miss the wight.
The wight is severely damaged.
The water moccasin hisses angrily.
A water moccasin comes into view.
The wight barely misses you.
The water moccasin hisses angrily.
The wight attacks as you move away! The wight hits you with a +4 war axe!
* * * LOW HITPOINT WARNING * * *
You feel drained.
* * * LOW HITPOINT WARNING * * *
The water moccasin bites you.
* * * LOW HITPOINT WARNING * * *
You are lethally poisoned!
The water moccasin poisons you! The water moccasin barely misses you.
The water moccasin attacks as you move away!
The water moccasin barely misses you. The wight attacks as you move away!
The wight barely misses you.
* * * LOW HITPOINT WARNING * * *
You feel very sick. The water moccasin misses you.
Unknown command.
The water moccasin attacks as you move away!
The water moccasin bites you but does no damage.
* * * LOW HITPOINT WARNING * * *
You feel very sick.
The water moccasin attacks as you move away!
The water moccasin bites you but does no damage.
* * * LOW HITPOINT WARNING * * *
You feel sick. The water moccasin closely misses you.
The water moccasin bites you.
You die...

{
+.........####.<.......
##.........÷.#.......#..
#..........÷.........#
.........†...#...#....##
...#####.#.#...###.....#
.. ###.......## #..##...
. #....###...# ...# ....
...##....#....#..... ...
.......#.z.S@.....##. ##
K.....#...S###...# #
#....#z##...##....
##...#.###..# .##
#.K.#{# ..# #
##..#{##..## #...zK{...#
#.........#
..............#


You could see 2 water moccasins and 2 wights.

Vanquished Creatures
  Prince Ribbit (D:5)
  2 water moccasins
  3 ice beasts
  2 sky beasts (D:7)
  2 black bears (D:6)
  3 centaurs (D:7)
  2 ogres
  A bullfrog (D:6)
  4 gnoll sergeants
  6 wights
  3 killer bees (D:8)
  An orc priest (D:5)
  A gnoll bouda (D:4)
  9 hounds
  A jelly (D:8)
  A sleepcap (D:7)
  2 orc wizards (D:6)
  6 iguanas
  6 adders
  26 gnolls
  2 white imps
  2 ufetubi (D:5)
  2 worms
  2 dart slugs
  10 orcs
  4 endoplasms
  4 giant cockroaches
  8 goblins
  7 hobgoblins
  3 quokkas
  11 ball pythons
  6 bats
  3 frilled lizards
  13 kobolds
  5 rats
164 creatures vanquished.

Vanquished Creatures (others)
  A bush (D:8)
  4 fungi (D:8)
  23 plants (D:8)
28 creatures vanquished.

Grand Total: 192 creatures vanquished

Notes
Turn   | Place    | Note
-------+----------+-------------------------------------------
     0 | D:1      | Arum the Formicid Fighter began the quest for the Orb.
     0 | D:1      | Reached XP level 1. HP: 18/18 MP: 1/1
   252 | D:1      | Reached XP level 2. HP: 24/24 MP: 2/2
   629 | D:2      | Found a broken altar of Ashenzari.
   645 | D:2      | Reached XP level 3. HP: 30/30 MP: 3/3
   651 | D:2      | Became a worshipper of Ashenzari the Shackled
   836 | D:2      | Reached XP level 4. HP: 28/37 MP: 4/4
  1038 | D:2      | Found Ytiwelemp's Assorted Antiques.
  1185 | D:3      | Noticed a gnoll sergeant
  1204 | D:3      | Killed a gnoll sergeant
  1205 | D:3      | Reached XP level 5. HP: 13/43 MP: 5/5
  1602 | D:3      | Found Buxkuiq's Antique Armour Shop.
  1883 | D:3      | Reached XP level 6. HP: 49/49 MP: 6/6
  1883 | D:3      | Found a faded altar of an unknown god.
  2209 | D:4      | HP: 2/50 [gnoll/+0 spear (5)]
  2495 | D:4      | Reached skill level 5 in Fighting
  2495 | D:4      | Reached skill level 5 in Armour
  2775 | D:4      | Reached * piety under Ashenzari
  2785 | D:4      | Found a radiant altar of Vehumet.
  2914 | D:4      | Found a stormy altar of Qazlal.
  2923 | D:4      | Found an ornate altar of the Wu Jian Council.
  2928 | D:4      | Found an iron altar of Okawaru.
  3025 | D:5      | Entered Level 5 of the Dungeon
  3066 | D:5      | Reached XP level 7. HP: 34/58 MP: 7/7
  3578 | D:5      | Reached ** piety under Ashenzari
  3986 | D:5      | Reached skill level 5 in Staves
  3986 | D:5      | Reached XP level 8. HP: 33/67 MP: 8/8
  4118 | D:5      | Noticed Prince Ribbit
  4132 | D:5      | Killed Prince Ribbit
  5000 | D:6      | Reached XP level 9. HP: 73/74 MP: 9/9
  5438 | D:6      | Found a bloodstained altar of Trog.
  6537 | D:7      | Found a staircase to the Ecumenical Temple.
  6855 | D:8      | Reached XP level 10. HP: 73/84 MP: 10/10
  7116 | D:8      | HP: 2/78 [poisoned by a water moccasin]
  7117 | D:8      | Slain by a water moccasin

Illustrated notes

Levels and vault maps discovered:
D:1:      minmay_arrival_loop, layout_basic, minmay_misc_feat_columns
D:2:      layout_basic, basic_altar, serial_shops,
          nicolae_shop_getting_attention
D:3:      layout_loops_ring, serial_shops, shop, shapermc_ecumenical_altar_petra
D:4:      layout_cave_pools, minitemple, serial_glass, glass_columns_b,
          glass_columns_b
D:5:      layout_loops_corners, uniq_prince_ribbit1
D:6:      layout_loops_ring, trog_hazing_becter
D:7:      layout_gridville, minmay_temple_entry_statues_fountains
D:8:      minmay_curly_fans, layout_cave_pools, minmay_lair_entry_grove,
          serial_shops, nicolae_shop_tiny_glass, serial_gnoll_camp,
          grums_kennel, gnoll_camp_huts_moat, gnoll_camp_mini_hut,
          gnoll_camp_mini_doghouse, uniq_erica, uniq_gastronok

Skill      XL: |  1  2  3  4  5  6  7  8  9 10 |
---------------+-------------------------------+-----
Armour         | 4 5 6 7 8 9 |  9.3
Fighting       | 4 5 6 7 8 9 |  9.2
Staves         | 3 4 5 6 7 8 |  8.1
Shields        | |  4.0

Action                     |  1- 3 |  4- 6 |  7- 9 | 10-12 || total
---------------------------+-------+-------+-------+-------++-------
  Melee: Quarterstaff      |    85 |   174 |   311 |    52 ||   622
 Invoke: Curse Item        |       |     2 |     1 |       ||     3
         Shatter the Chain |       |       |     1 |       ||     1
Ability: Dig               |       |     3 |     7 |       ||    10
    Use: Potion            |       |     1 |     2 |     2 ||     5
 Armour: Scale mail        |    39 |    75 |   129 |    17 ||   260
  Dodge: Dodged            |    43 |    98 |   113 |    34 ||   288
  Block: Buckler           |    19 |    46 |    47 |       ||   112
         Kite shield       |       |       |     9 |       ||     9
